[Event "Titled Tuesday Blitz February 15 Early 2022"]
[White "Dev, Shah"]
[Black "Muradov, Soltan"]
[WhiteFideId "35019058"]
[BlackFideId "14002108"]
[WhiteElo "2098"]
[BlackElo "1854"]
[Result "0-1"]
[Round "01"]
[TimeControl "180+1"]
[Date "2022.02.15"]
[WhiteClock "0:01:29"]
[BlackClock "0:00:33"]

1. d4 Nf6 2. Nf3 c5 3. d5 g6 4. c4 b5 5. cxb5 a6 6. bxa6 Bxa6 7. Nc3 Bg7 8. e4 Bxf1 9. Kxf1 d6 10. g3 O-O 11. Kg2 Nbd7 12. a4 Qa5 13. Bd2 Qb6 14. Qc2 Rfb8 15. Nb5 Ne8 16. Bc3 Nc7 17. Bxg7 Kxg7 18. Nxc7 Qxc7 19. Qc3+ Kg8 20. Rhb1 Rb4 21. Nd2 Rbxa4 22. Rxa4 Rxa4 23. b4 Qb6 24. bxc5 Qxc5 25. Qd3 Rd4 26. Qe3 Ra4 27. Qh6 Rb4 28. Ra1 Rb8 29. Nf3 Nf6 30. Ng5 Qd4 31. h4 Qxa1 32. h5 Rb1 33. hxg6 Rg1+ 34. Kf3 Qc3+ 35. Kf4 hxg6 0-1


[Site "https://www.chess.com"]

[Event "Titled Tuesday Blitz February 15 Early 2022"]
[White "Devaev, Alexander"]
[Black "Bluebaum, Matthias"]
[WhiteFideId "4169395"]
[BlackFideId "24651516"]
[WhiteElo "2185"]
[BlackElo "2550"]
[Result "0-1"]
[Round "01"]
[TimeControl "180+1"]
[Date "2022.02.15"]
[WhiteClock "0:00:28"]
[BlackClock "0:01:16"]

1. d4 Nf6 2. c4 e6 3. Nf3 d5 4. cxd5 exd5 5. Nc3 Bb4 6. Bg5 h6 7. Bh4 Bf5 8. e3 Nbd7 9. Bd3 Bxd3 10. Qxd3 O-O 11. O-O c6 12. Ne5 Qe8 13. Nxd7 Nxd7 14. a3 Be7 15. Bg3 f5 16. b4 a6 17. Na4 g5 18. f3 b5 19. Nc5 Nxc5 20. bxc5 a5 21. Be5 Bxc5 22. e4 fxe4 23. fxe4 Qxe5 24. dxc5 Qxe4 25. Qc3 d4 26. Qb3+ Kg7 27. Kh1 Rxf1+ 28. Rxf1 Rf8 29. Rd1 Qe2 30. h3 Rf1+ 31. Rxf1 Qxf1+ 32. Kh2 Qf4+ 33. Kh1 Qc1+ 34. Kh2 Qxc5 35. Qe6 Qd5 36. Qe7+ Kg6 37. Qe8+ Kf6 38. Qf8+ Ke5 39. Qxh6 Ke4 40. Qg6+ Ke3 41. Kg1 d3 42. Qf6 Kd2 43. Qb2+ Kd1 44. Qb1+ Ke2 45. Qf1+ Kd2 46. Qb1 Qc5+ 47. Kh2 Qe5+ 48. Kh1 Qe1+ 0-1


[Site "https://www.chess.com"]

[Event "Titled Tuesday Blitz February 15 Early 2022"]
[White "Djokic, Mihailo"]
[Black "Tuleyeva-Aketayeva, Dana"]
[WhiteFideId "976440"]
[BlackFideId "13701932"]
[WhiteElo "2008"]
[BlackElo "1944"]
[Result "1-0"]
[Round "01"]
[TimeControl "180+1"]
[Date "2022.02.15"]
[WhiteClock "0:02:20"]
[BlackClock "0:01:24"]

1. e4 c5 2. Nf3 Nc6 3. d4 cxd4 4. Nxd4 g6 5. Nc3 Bg7 6. Be3 d6 7. f3 Nf6 8. Qd2 O-O 9. O-O-O Bd7 10. g4 Bxg4 11. fxg4 Nxg4 12. Nxc6 bxc6 13. Be2 Nxe3 14. Qxe3 Qa5 15. a3 Rab8 16. Bc4 Rxb2 17. Kxb2 Bxc3+ 18. Qxc3 Rb8+ 19. Bb3 Qa4 20. Rd4 Qb5 21. Rb4 1-0


[Site "https://www.chess.com"]

[Event "Titled Tuesday Blitz February 15 Early 2022"]
[White "Djordjevic, Dejan N"]
[Black "Subelj, Jan"]
[WhiteFideId "913316"]
[BlackFideId "14618583"]
[WhiteElo "2262"]
[BlackElo "2248"]
[Result "0-1"]
[Round "01"]
[TimeControl "180+1"]
[Date "2022.02.15"]
[WhiteClock "0:00:05"]
[BlackClock "0:00:30"]

1. e4 e5 2. Nf3 d6 3. Bc4 Be7 4. O-O Nf6 5. d3 O-O 6. Bb3 Nbd7 7. Re1 Nc5 8. Bc4 c6 9. a4 Nxa4 10. Rxa4 b5 11. Bxb5 cxb5 12. Ra1 h6 13. h3 Be6 14. b3 a5 15. Nc3 b4 16. Na4 Nd7 17. Be3 f5 18. exf5 Rxf5 19. d4 e4 20. Nh2 Nf6 21. Ng4 Nd5 22. Qd2 h5 23. Nh2 Rf7 24. Nf1 h4 25. Rab1 Rc8 26. Qe2 Bd7 27. Qh5 Rf5 28. Qg4 Nf6 29. Qxh4 Rxc2 30. d5 Rxd5 31. Nb6 Rd3 32. Nxd7 Qxd7 33. Qf4 d5 34. Qb8+ Kh7 35. Bg5 Bd6 36. Qa8 Qf5 37. Bh4 g5 38. Qb7+ Kg6 39. Ne3 Rxe3 40. fxe3 gxh4 41. Rf1 Qg5 42. Rf2 Qxe3 43. Rf1 Bg3 44. Qe7 Rxf2 45. Rxf2 Qxf2+ 46. Kh1 Qf1# 0-1


[Site "https://www.chess.com"]

[Event "Titled Tuesday Blitz February 15 Early 2022"]
[White "Do Valle Cardoso, Lucas"]
[Black "Mosutha, Thuso"]
[WhiteFideId "2163144"]
[BlackFideId "11302550"]
[WhiteElo "2357"]
[BlackElo "2028"]
[Result "0-1"]
[Round "01"]
[TimeControl "180+1"]
[Date "2022.02.15"]
[WhiteClock "0:00:41"]
[BlackClock "0:00:25"]

1. e4 c5 2. Nf3 d6 3. Nc3 e6 4. d4 cxd4 5. Nxd4 Nf6 6. Be3 Be7 7. f3 O-O 8. Qd2 Nc6 9. O-O-O d5 10. exd5 exd5 11. g4 Be6 12. h4 Qa5 13. h5 Bb4 14. g5 Bxc3 15. Qxc3 Qxc3 16. bxc3 Nd7 17. f4 Bg4 18. Re1 Rfe8 19. Bg2 Nb6 20. Nb5 Nc4 21. Bc5 Rxe1+ 22. Rxe1 Bxh5 23. Bxd5 Nb6 24. Bg2 h6 25. gxh6 gxh6 26. Rg1 Kh7 27. Be4+ Bg6 28. f5 Bh5 29. Rh1 Nd7 30. Rxh5 Nxc5 31. f6+ Nxe4 32. Rh4 Nxf6 33. Nd6 Kg6 34. Nxb7 h5 35. Rc4 Ne5 36. Rc5 Nfg4 37. Kd2 h4 38. Ke2 h3 39. Kf1 h2 40. Kg2 Rh8 41. Kh1 Nf2+ 0-1


[Site "https://www.chess.com"]

[Event "Titled Tuesday Blitz February 15 Early 2022"]
[White "Dobrov, Vladimir"]
[Black "Pourkashiyan, Atousa"]
[WhiteFideId "4136594"]
[BlackFideId "12502014"]
[WhiteElo "2614"]
[BlackElo "2247"]
[Result "1-0"]
[Round "01"]
[TimeControl "180+1"]
[Date "2022.02.15"]
[WhiteClock "0:00:11"]
[BlackClock "0:00:01"]

1. d4 Nf6 2. c4 e6 3. Nf3 d5 4. Nc3 Be7 5. Qc2 O-O 6. e4 dxe4 7. Nxe4 Nxe4 8. Qxe4 Bb4+ 9. Kd1 c5 10. a3 Ba5 11. Bg5 f6 12. Bd3 g6 13. Bh6 Rf7 14. dxc5 Nc6 15. b4 Bc7 16. Kc2 e5 17. Rhd1 Bf5 18. Qe2 Bxd3+ 19. Rxd3 Qe8 20. Rd5 e4 21. Nd2 Re7 22. Rd1 g5 23. h4 Qg6 24. hxg5 e3+ 25. Qd3 Qxd3+ 26. Rxd3 exd2 27. gxf6 Rf7 28. Bg5 h6 29. Bxh6 Rxf6 30. Be3 Ne5 31. Rd4 Re8 32. R1xd2 Nc6 33. Rd7 Rf7 34. Rxf7 Kxf7 35. Rd7+ Re7 36. Rxe7+ Kxe7 37. f4 Nd8 38. Kd3 Ne6 39. Ke4 Kf6 40. g4 Ng7 41. Bd4+ Kf7 42. f5 Ne8 43. g5 Bg3 44. Be5 Bf2 45. Kd5 Be1 46. b5 Bd2 47. g6+ Ke7 48. a4 Bb4 49. c6 bxc6+ 50. Kxc6 Nf6 51. Kb7 Ne4 52. Kxa7 1-0


[Site "https://www.chess.com"]

[Event "Titled Tuesday Blitz February 15 Early 2022"]
[White "Dovbnia, Nikita"]
[Black "Isajevsky, Anton"]
[WhiteFideId "54104599"]
[BlackFideId "4142500"]
[WhiteElo "2111"]
[BlackElo "2510"]
[Result "1-0"]
[Round "01"]
[TimeControl "180+1"]
[Date "2022.02.15"]
[WhiteClock "0:00:08"]
[BlackClock "0:00:01"]

1. Nf3 c5 2. e3 Nf6 3. b3 Nc6 4. Bb2 e6 5. Bb5 Qc7 6. O-O a6 7. Bxc6 Qxc6 8. Ne5 Qc7 9. d3 Be7 10. Nd2 b5 11. c4 Bb7 12. Rc1 b4 13. f4 h5 14. Nef3 d6 15. e4 a5 16. Qe2 a4 17. f5 e5 18. Ra1 Nd7 19. Rfe1 Nb8 20. Nf1 Nc6 21. Ne3 Qd8 22. Nd5 h4 23. h3 Na5 24. Qc2 Bxd5 25. exd5 Bg5 26. Nd2 Kf8 27. Ne4 Bf4 28. bxa4 Rh5 29. Bc1 Rxf5 30. Bxf4 Rxf4 31. Rf1 Rxf1+ 32. Rxf1 Kg8 33. Qf2 Qe7 34. Qf5 Nb7 35. Qh5 f6 36. Qxh4 Rxa4 37. Qg4 Kf8 38. Qc8+ Nd8 39. g4 Rxa2 40. g5 Ke8 41. gxf6 gxf6 42. Nxf6+ Kf7 43. Nh5+ Kg8 44. Qg4+ Kh8 45. Nf6 Qg7 46. Qxg7+ Kxg7 47. Ne8+ Kg6 48. Nxd6 Rd2 49. Ne4 Rxd3 50. Nxc5 Rd4 51. Nd7 Rxc4 52. Nxe5+ Kg5 53. Rb1 Rd4 54. Nc6 Rxd5 55. Nxd8 1-0


[Site "https://www.chess.com"]

[Event "Titled Tuesday Blitz February 15 Early 2022"]
[White "Erigaisi Arjun"]
[Black "Goltsev, Dmitry"]
[WhiteFideId "35009192"]
[BlackFideId "24176710"]
[WhiteElo "2745"]
[BlackElo "2273"]
[Result "1-0"]
[Round "01"]
[TimeControl "180+1"]
[Date "2022.02.15"]
[WhiteClock "0:01:01"]
[BlackClock "0:00:12"]

1. b3 b6 2. e4 Bb7 3. Nc3 e6 4. Bb2 d5 5. exd5 exd5 6. Bb5+ c6 7. Be2 Nf6 8. Nf3 Nbd7 9. O-O Bd6 10. d4 O-O 11. Re1 Re8 12. a3 Ne4 13. Nxe4 dxe4 14. Nd2 e3 15. fxe3 Rxe3 16. Bf3 Bf4 17. Nc4 Rxe1+ 18. Qxe1 Qe8 19. Qh4 Bc7 20. Re1 Qd8 21. Qe7 Qxe7 22. Rxe7 Rd8 23. a4 Kf8 24. Ba3 c5 25. Rxd7 Rxd7 26. dxc5 Bxf3 27. c6+ Kg8 28. cxd7 Bg4 29. Ne5 Be6 30. Bd6 Bd8 31. Nc6 Bxd7 32. Nxd8 Bf5 33. c3 Be4 34. Bb8 a6 35. Bc7 b5 36. axb5 axb5 37. Bd6 f6 38. Kf2 Bd5 39. b4 g6 40. g4 f5 41. gxf5 gxf5 42. Ke3 Kg7 43. Kd4 Bc4 44. Ke5 Bd3 45. Ne6+ Kf7 46. Nd4 f4 47. Kxf4 Bc4 48. Ke5 Ke8 49. Kf6 Kd7 50. Bc5 h5 51. h4 1-0


[Site "https://www.chess.com"]

[Event "Titled Tuesday Blitz February 15 Early 2022"]
[White "Faizrakhmanov, Ramil"]
[Black "Chernomordik, Pavel"]
[WhiteFideId "24103209"]
[BlackFideId "2804530"]
[WhiteElo "2502"]
[BlackElo "2249"]
[Result "1-0"]
[Round "01"]
[TimeControl "180+1"]
[Date "2022.02.15"]
[WhiteClock "0:00:20"]
[BlackClock "0:00:02"]

1. e4 g6 2. d4 Bg7 3. Nc3 d6 4. Nf3 a6 5. a4 b6 6. Be2 Bb7 7. O-O Nd7 8. h3 e6 9. Bg5 Ne7 10. Qd2 h6 11. Be3 g5 12. Rad1 f5 13. exf5 Nxf5 14. d5 e5 15. Bd3 Qf6 16. Ne4 Qf8 17. Nfxg5 hxg5 18. Nxg5 Nxe3 19. Bg6+ Ke7 20. fxe3 Bf6 21. Ne4 Qh6 22. Bf5 Raf8 23. Qc3 Kd8 24. Rf3 Nc5 25. Nxf6 Rxf6 26. b4 Nd7 27. e4 Rhf8 28. Rdf1 Nb8 29. a5 b5 30. Qd3 Bc8 31. c4 Bxf5 32. exf5 Nd7 33. cxb5 axb5 34. Qxb5 e4 35. Rf4 e3 36. a6 Re8 37. a7 Ke7 38. Re4+ Kf7 39. Rxe8 1-0


[Site "https://www.chess.com"]

[Event "Titled Tuesday Blitz February 15 Early 2022"]
[White "Fernandez, Michael"]
[Black "Yuan, Qingyu"]
[WhiteFideId "5803560"]
[BlackFideId "8609772"]
[WhiteElo "2110"]
[BlackElo "2359"]
[Result "1-0"]
[Round "01"]
[TimeControl "180+1"]
[Date "2022.02.15"]
[WhiteClock "0:00:05"]
[BlackClock "0:00:02"]

1. e4 c6 2. Nc3 d5 3. Qf3 dxe4 4. Nxe4 Nf6 5. c3 Nxe4 6. Qxe4 Nd7 7. d4 Nf6 8. Qc2 Bg4 9. Ne2 e6 10. Ng3 Bd6 11. Bd3 Qc7 12. Bg5 O-O-O 13. h3 Bxg3 14. hxg4 Bf4 15. Bxf6 gxf6 16. g3 Bd6 17. O-O-O h6 18. Qd2 Bf8 19. f4 Rg8 20. Qe2 Kb8 21. Rh5 Rd5 22. Rxd5 cxd5 23. Qf3 a6 24. f5 e5 25. Qxd5 Rxg4 26. dxe5 fxe5 27. Be2 Rxg3 28. Qd8+ Qc8 29. Qf6 Rxc3+ 30. bxc3 Qxc3+ 31. Kb1 Qb4+ 32. Kc2 Qe4+ 33. Bd3 Qa4+ 34. Kd2 Qxa2+ 35. Ke1 Bb4+ 36. Kf1 Qb2 37. Qd8+ Ka7 38. Be4 Bc5 39. Qd2 Qb3 40. Qd3 Qb2 41. Rd2 Qc1+ 42. Rd1 Qf4+ 43. Qf3 Qg5 44. Bxb7 Qg1+ 45. Ke2 Qh2+ 46. Qg2 Qh4 47. Be4 Qh5+ 48. Qf3 Qh2+ 49. Qg2 Qh5+ 50. Bf3 Qh4 51. Rd7+ Kb6 52. Rb7+ Ka5 53. Qg4 Qh2+ 54. Kd3 Qa2 55. Qc4 Qa3+ 56. Qc3+ 1-0


[Site "https://www.chess.com"]

[Event "Titled Tuesday Blitz February 15 Early 2022"]
[White "Fernandez Siles, Luis"]
[Black "Seo, Jung Min"]
[WhiteFideId "2209420"]
[BlackFideId "1734687"]
[WhiteElo "2212"]
[BlackElo "2401"]
[Result "0-1"]
[Round "01"]
[TimeControl "180+1"]
[Date "2022.02.15"]
[WhiteClock "0:00:10"]
[BlackClock "0:00:27"]

1. e4 c5 2. Nf3 d6 3. d4 cxd4 4. Nxd4 Nf6 5. Nc3 a6 6. Bg5 Nbd7 7. Qe2 Qc7 8. O-O-O e6 9. Kb1 Be7 10. g4 h6 11. Be3 Ne5 12. h3 b5 13. f4 Nc4 14. f5 e5 15. Nb3 Bb7 16. Bg2 Nxe3 17. Qxe3 b4 18. Nd5 Nxd5 19. exd5 a5 20. h4 a4 21. Nd2 Rc8 22. Rc1 Qa5 23. c4 bxc3 24. Rxc3 Rxc3 25. Qxc3 Qxc3 26. bxc3 Kd7 27. Kc2 Rc8 28. c4 Bd8 29. Rb1 Ba6 30. Bf1 Ba5 31. Ne4 Bxc4 32. Rb7+ Kd8 33. Bxc4 Rxc4+ 34. Kd3 Rd4+ 35. Ke3 Rxd5 36. f6 gxf6 37. Rxf7 Bb6+ 38. Ke2 Rd4 39. Nxf6 Rb4 40. g5 Rb2+ 41. Kd3 hxg5 42. hxg5 Rg2 43. Rd7+ Kc8 44. Rxd6 Bc7 45. Rc6 Kb7 46. Rc4 Rxa2 47. Nd5 Bd6 48. g6 a3 49. Ra4 Rg2 50. Ke4 Rxg6 51. Kf5 Rh6 52. Nb4 Bxb4 53. Rxb4+ Kc6 54. Kxe5 Kc5 55. Ra4 Rh3 56. Kf4 Kb5 57. Ra8 Kb4 58. Kg4 Rc3 59. Kf4 Kb3 60. Ke4 a2 61. Kd4 Rc1 62. Rb8+ Kc2 63. Rc8+ Kd2 0-1


[Site "https://www.chess.com"]

[Event "Titled Tuesday Blitz February 15 Early 2022"]
[White "Ferreira, Vitor Hugo Vieira"]
[Black "Bjerre, Jonas Buhl"]
[WhiteFideId "2119765"]
[BlackFideId "1444948"]
[WhiteElo "2216"]
[BlackElo "2312"]
[Result "0-1"]
[Round "01"]
[TimeControl "180+1"]
[Date "2022.02.15"]
[WhiteClock "0:00:08"]
[BlackClock "0:00:17"]

1. Nf3 Nf6 2. g3 b6 3. Bg2 Bb7 4. O-O g6 5. c4 Bg7 6. d4 O-O 7. d5 Na6 8. Nc3 Nc5 9. Qc2 a5 10. Bg5 d6 11. Rad1 Qe8 12. Nd4 e5 13. Ndb5 Qe7 14. e4 h6 15. Bc1 Nh5 16. f4 Rae8 17. f5 Kh7 18. Bf3 Bf6 19. Bxh5 gxh5 20. Qe2 h4 21. Qh5 Rh8 22. Bxh6 Kg8 23. Qg4+ Kh7 24. Bg5 Bxg5 25. f6 Bxf6 26. Rf5 Bg7 27. Rdf1 f6 28. Na7 Qf7 29. Qxh4+ Kg8 30. Qg4 Kf8 31. Nc6 Bc8 32. Qf3 Bxf5 33. Qxf5 Qh5 34. Qf2 Kg8 35. a3 Qg4 36. Re1 Rf8 37. Re3 Rh5 38. Ne7+ Kh7 39. Nf5 Rxf5 40. exf5 Bh6 41. Rf3 e4 42. Re3 Bxe3 43. Qxe3 Qg5 44. Qd4 Qc1+ 45. Kg2 Qxb2+ 46. Kh3 Qc1 47. Nxe4 Qf1+ 48. Kg4 Rg8+ 49. Kh4 Nxe4 50. Qxe4 Qf2 51. Kh3 Qf1+ 52. Kh4 Qc1 53. Qe7+ Rg7 54. Qxf6 Qxc4+ 55. Kh3 Qg4+ 56. Kg2 Qe2+ 57. Kh3 Qh5+ 58. Kg2 Rf7 59. Qe6 Qxf5 60. Qe2 Qxd5+ 61. Kh3 Qf5+ 62. Kg2 d5 63. h4 Qe4+ 64. Qxe4+ dxe4 0-1


[Site "https://www.chess.com"]

[Event "Titled Tuesday Blitz February 15 Early 2022"]
[White "Gabdrakhmanov, Azat"]
[Black "Fajdetic, Hrvoje"]
[WhiteFideId "34189197"]
[BlackFideId "14501945"]
[WhiteElo "2279"]
[BlackElo "2140"]
[Result "1-0"]
[Round "01"]
[TimeControl "180+1"]
[Date "2022.02.15"]
[WhiteClock "0:01:16"]
[BlackClock "0:00:16"]

1. e4 e6 2. d4 d5 3. e5 c5 4. c3 Nc6 5. Nf3 Bd7 6. a3 f6 7. b4 c4 8. Bf4 fxe5 9. dxe5 Nge7 10. Nbd2 Nf5 11. g4 Nh4 12. Bg3 Be7 13. Be2 O-O 14. O-O Be8 15. b5 Na5 16. Nd4 Qd7 17. f4 b6 18. Qe1 Ng6 19. f5 exf5 20. gxf5 Nh8 21. Bg4 Bc5 22. Qe2 Bxd4+ 23. cxd4 c3 24. Nf3 Qxb5 25. Qg2 Nb3 26. Rab1 Qc4 27. f6 Nxd4 28. Nxd4 Qxd4+ 29. Bf2 Qe4 30. Be6+ Rf7 31. Qxg7# 1-0


[Site "https://www.chess.com"]

[Event "Titled Tuesday Blitz February 15 Early 2022"]
[White "Gabrielian, Artur"]
[Black "Yirik, Volkan"]
[WhiteFideId "4131002"]
[BlackFideId "6300782"]
[WhiteElo "2440"]
[BlackElo "2371"]
[Result "1-0"]
[Round "01"]
[TimeControl "180+1"]
[Date "2022.02.15"]
[WhiteClock "0:01:13"]
[BlackClock "0:01:12"]

1. e4 g6 2. d4 Bg7 3. Nc3 c5 4. dxc5 Nc6 5. Be3 Nf6 6. Be2 O-O 7. h3 Qa5 8. Qd2 Rd8 9. Nf3 d6 10. cxd6 Rxd6 11. Nd5 Qxd2+ 12. Nxd2 Nxd5 13. exd5 Rxd5 14. c3 Bf5 15. Bf3 Rd7 16. Bxc6 bxc6 17. Nb3 Rb8 18. Rd1 Rxd1+ 19. Kxd1 a5 20. Kc1 a4 21. Nd4 Be4 22. f3 Bd5 23. a3 e5 24. Nc2 f5 25. Nb4 Kf7 26. Re1 Ke6 27. Bf2 Rc8 28. Nd3 e4 29. Nc5+ Kd6 30. fxe4 fxe4 31. Nxe4+ Kd7 32. Nc5+ Kd6 33. Nxa4 Rf8 34. Bc5+ 1-0


[Site "https://www.chess.com"]

[Event "Titled Tuesday Blitz February 15 Early 2022"]
[White "Gaehwiler, Gabriel"]
[Black "Balint, Vilmos"]
[WhiteFideId "1314530"]
[BlackFideId "718050"]
[WhiteElo "2383"]
[BlackElo "2059"]
[Result "1-0"]
[Round "01"]
[TimeControl "180+1"]
[Date "2022.02.15"]
[WhiteClock "0:00:47"]
[BlackClock "0:00:12"]

1. Nf3 Nf6 2. g3 d5 3. Bg2 Bg4 4. O-O e6 5. c4 c6 6. Qb3 Qb6 7. Nc3 Nbd7 8. d3 Be7 9. Be3 Qxb3 10. axb3 a6 11. Rfc1 O-O 12. Kf1 Bxf3 13. Bxf3 Ne5 14. Kg2 Nxf3 15. Kxf3 h5 16. h3 Nd7 17. d4 Bb4 18. Na2 Bd6 19. Nc3 Nf6 20. Bg5 Nd7 21. e4 f6 22. Be3 Bb4 23. Ne2 dxe4+ 24. Kxe4 Rfd8 25. Rd1 Be7 26. Nf4 f5+ 27. Kf3 e5 28. Ne6 Rdc8 29. d5 e4+ 30. Kg2 cxd5 31. Rxd5 Nf6 32. Rxf5 g6 33. Rfa5 Bb4 34. R5a4 Be7 35. Rd1 Rc6 36. Ng5 Rd8 37. Raa1 Rdd6 38. Kf1 Nd7 39. Nxe4 Rxd1+ 40. Rxd1 Ne5 41. Bf4 Nf7 42. Rd3 Kg7 43. Kg2 h4 44. Rd7 Re6 45. Nd2 g5 46. Be3 b5 47. Nf3 hxg3 48. Kxg3 bxc4 49. bxc4 Bf6 50. b4 Re4 51. Nd2 Kg6 52. Nxe4 1-0


[Site "https://www.chess.com"]

[Event "Titled Tuesday Blitz February 15 Early 2022"]
[White "Gan-Erdene, Sugar"]
[Black "Rosenberg, Evan S"]
[WhiteFideId "4902980"]
[BlackFideId "2019299"]
[WhiteElo "2256"]
[BlackElo "2326"]
[Result "1-0"]
[Round "01"]
[TimeControl "180+1"]
[Date "2022.02.15"]
[WhiteClock "0:02:07"]
[BlackClock "0:00:18"]

1. d4 Nf6 2. c4 e6 3. g3 d5 4. Nf3 Bb4+ 5. Bd2 Be7 6. Bg2 c6 7. Qc2 a5 8. O-O Nbd7 9. b3 Ne4 10. Bf4 O-O 11. Nbd2 Ndf6 12. Ne5 Bb4 13. Nxe4 dxe4 14. Rad1 Qe7 15. Bxe4 Nxe4 16. Qxe4 f6 17. Nd3 Bd6 18. Bxd6 Qxd6 19. Qf4 Qa3 20. Rd2 a4 21. b4 Qc3 22. Rc1 e5 23. dxe5 Qa3 24. exf6 Rxf6 25. Qd4 Bf5 26. Rc3 Qxc3 27. Qxc3 a3 28. Nc5 Bh3 29. f3 b6 30. Ne4 Rff8 31. g4 h5 32. Rd7 1-0


[Site "https://www.chess.com"]

[Event "Titled Tuesday Blitz February 15 Early 2022"]
[White "Gant, Chris J"]
[Black "Ratnakaran, K."]
[WhiteFideId "403946"]
[BlackFideId "5005507"]
[WhiteElo "2176"]
[BlackElo "2391"]
[Result "1-0"]
[Round "01"]
[TimeControl "180+1"]
[Date "2022.02.15"]
[WhiteClock "0:00:58"]
[BlackClock "0:01:23"]

1. d4 Nf6 2. c4 c5 3. d5 e6 4. Nc3 exd5 5. cxd5 d6 6. e4 g6 7. Bd3 Bg7 8. h3 O-O 9. Nf3 Re8 10. O-O a6 11. a4 Nbd7 12. Bf4 Qc7 13. Re1 c4 14. Bc2 Rb8 15. Nd4 Qb6 16. a5 Qxb2 17. Qd2 Qb4 18. Reb1 Qc5 19. Be3 Qc7 20. f3 Nc5 21. Na4 Nxa4 22. Bxa4 Bd7 23. Bxd7 Nxd7 24. Ra4 Rec8 25. Qc3 Ne5 26. Rc1 Nd3 27. Rxc4 Qxc4 28. Qxc4 Nxc1 29. Qb4 Be5 30. f4 Bxd4 31. Bxd4 Ne2+ 32. Kh2 Nxd4 33. Qxd4 Rc5 34. e5 Rxa5 35. e6 Rc5 36. Qf6 Rc7 37. f5 Rf8 38. Qg5 f6 39. Qf4 gxf5 40. Qxd6 Rg7 41. Qf4 Rd8 42. Qxf5 Rg5 43. Qxf6 Rdxd5 44. e7 1-0


[Site "https://www.chess.com"]

[Event "Titled Tuesday Blitz February 15 Early 2022"]
[White "Glidzhain, Gor"]
[Black "Topalov, Aleksandar"]
[WhiteFideId "24109932"]
[BlackFideId "925659"]
[WhiteElo "2229"]
[BlackElo "2098"]
[Result "1-0"]
[Round "01"]
[TimeControl "180+1"]
[Date "2022.02.15"]
[WhiteClock "0:00:30"]
[BlackClock "0:00:33"]

1. e4 e6 2. d4 d5 3. Nc3 Bb4 4. exd5 exd5 5. Bd3 Ne7 6. Nf3 Bf5 7. O-O Bxc3 8. bxc3 O-O 9. Re1 Bxd3 10. cxd3 Nbc6 11. c4 Re8 12. Bg5 Qd7 13. Bxe7 Rxe7 14. Rxe7 Nxe7 15. Qb3 b6 16. Re1 Rd8 17. Ne5 Qd6 18. cxd5 Nxd5 19. h3 h6 20. Rc1 Nf4 21. Qxf7+ 1-0


[Site "https://www.chess.com"]

[Event "Titled Tuesday Blitz February 15 Early 2022"]
[White "Goldin, Roman"]
[Black "Gunina, Valentina"]
[WhiteFideId "2803860"]
[BlackFideId "4167570"]
[WhiteElo "2312"]
[BlackElo "2465"]
[Result "0-1"]
[Round "01"]
[TimeControl "180+1"]
[Date "2022.02.15"]
[WhiteClock "0:00:40"]
[BlackClock "0:01:53"]

1. Nf3 d5 2. e3 c6 3. c4 Nf6 4. b3 Bg4 5. Bb2 e6 6. Be2 Bd6 7. O-O Nbd7 8. d4 O-O 9. Nbd2 a5 10. a3 Rc8 11. h3 Bf5 12. Ne5 Ne4 13. Nxe4 Bxe4 14. f3 Bg6 15. Rc1 Nxe5 16. dxe5 Bc5 17. Bd4 Bxa3 18. Ra1 Bb4 19. c5 Qe7 20. Qc1 f6 21. f4 fxe5 22. fxe5 Rxf1+ 23. Bxf1 Rf8 24. Ra2 Qh4 25. Qd1 Be4 26. Qg4 Qxg4 27. hxg4 h6 28. Be2 Kh7 29. Bd1 Kg6 30. Kh2 Kg5 31. Kg3 Rf1 32. Bf3 Be1+ 33. Kh2 Bxf3 34. gxf3 Rxf3 0-1


[Site "https://www.chess.com"]

[Event "Titled Tuesday Blitz February 15 Early 2022"]
[White "Golizadeh, Asghar"]
[Black "Moroni, Luca Jr"]
[WhiteFideId "12505269"]
[BlackFideId "865834"]
[WhiteElo "2403"]
[BlackElo "2573"]
[Result "0-1"]
[Round "01"]
[TimeControl "180+1"]
[Date "2022.02.15"]
[WhiteClock "0:00:12"]
[BlackClock "0:00:12"]

1. e4 d6 2. d4 e5 3. Nf3 exd4 4. Nxd4 Nf6 5. Bd3 Be7 6. O-O O-O 7. Re1 Re8 8. Nc3 c6 9. h3 Bf8 10. Bf4 a5 11. a4 Na6 12. Bc4 Nc5 13. Qf3 Ne6 14. Nxe6 Bxe6 15. Bxe6 Rxe6 16. Rad1 Qb6 17. b3 Rae8 18. Be3 Qc7 19. Bd4 d5 20. Bxf6 Rxf6 21. Qd3 Rfe6 22. f3 Bb4 23. Re2 h6 24. exd5 Rxe2 25. Nxe2 cxd5 26. c3 Bf8 27. Nd4 Qf4 28. Nf5 Bc5+ 29. Kh1 Re5 30. Nd4 Bd6 31. Kg1 g6 32. Kf2 Qh4+ 33. Kf1 Qg3 34. Ne2 Qh2 35. Qd4 Re6 36. Qg1 Qe5 37. Nd4 Re8 38. Qf2 Qf4 39. Re1 Rc8 40. c4 dxc4 41. Nb5 Bc5 42. Re4 Qxe4 43. fxe4 Bxf2 44. Nd6 cxb3 45. Nxc8 b2 46. Kxf2 b1=Q 47. Ne7+ Kf8 48. Nd5 Qa2+ 49. Kf3 Qxa4 50. Nc3 Qb3 51. Kg3 Qxc3+ 52. Kh2 a4 53. h4 a3 54. h5 a2 55. hxg6 fxg6 56. e5 Qxe5+ 57. Kh3 a1=Q 58. g3 Qh1+ 59. Kg4 Qf5# 0-1


[Site "https://www.chess.com"]

[Event "Titled Tuesday Blitz February 15 Early 2022"]
[White "Golsta, Madara"]
[Black "Yang, Kaiqi"]
[WhiteFideId "11607386"]
[BlackFideId "8604398"]
[WhiteElo "1997"]
[BlackElo "2373"]
[Result "0-1"]
[Round "01"]
[TimeControl "180+1"]
[Date "2022.02.15"]
[WhiteClock "0:01:07"]
[BlackClock "0:01:39"]

1. e4 c5 2. Nf3 Nf6 3. Nc3 d5 4. exd5 Nxd5 5. Bc4 Nxc3 6. bxc3 Nc6 7. O-O g6 8. Re1 Bg7 9. a4 O-O 10. Ba3 b6 11. Qe2 Bb7 12. Rad1 Qc7 13. Bb5 Rfe8 14. Ng5 e6 15. Ne4 a6 16. Bxc6 Qxc6 17. a5 f5 18. Ng5 Qxg2# 0-1


[Site "https://www.chess.com"]

[Event "Titled Tuesday Blitz February 15 Early 2022"]
[White "Goltseva, Ekaterina"]
[Black "Lauridsen, Jesper Morch"]
[WhiteFideId "24173770"]
[BlackFideId "1401890"]
[WhiteElo "2140"]
[BlackElo "2197"]
[Result "1-0"]
[Round "01"]
[TimeControl "180+1"]
[Date "2022.02.15"]
[WhiteClock "0:00:37"]
[BlackClock "0:00:09"]

1. d4 d5 2. c4 e6 3. Nc3 Bb4 4. Nf3 Nf6 5. g3 dxc4 6. Bg2 O-O 7. O-O Nbd7 8. Qa4 Bxc3 9. bxc3 Nb6 10. Qc2 Bd7 11. a4 a5 12. Ne5 Rb8 13. Nxd7 Qxd7 14. e4 Rfe8 15. Bg5 h6 16. Bxf6 gxf6 17. f4 Nc8 18. Qa2 b5 19. axb5 Rxb5 20. Qxc4 Rb2 21. Rxa5 Nd6 22. Qd3 f5 23. e5 Rxg2+ 24. Kxg2 Ne4 25. d5 exd5 26. Rxd5 Qc6 27. c4 Kg7 28. g4 Rb8 29. gxf5 Rb2+ 30. Kh3 Nc5 31. Qg3+ Kh7 32. f6 Qe6+ 33. f5 1-0


[Site "https://www.chess.com"]

[Event "Titled Tuesday Blitz February 15 Early 2022"]
[White "Goryachkina, Aleksandra"]
[Black "Shton, Roman"]
[WhiteFideId "4147103"]
[BlackFideId "14137461"]
[WhiteElo "2426"]
[BlackElo "2038"]
[Result "1-0"]
[Round "01"]
[TimeControl "180+1"]
[Date "2022.02.15"]
[WhiteClock "0:00:04"]
[BlackClock "0:00:11"]

1. e4 Nf6 2. e5 Nd5 3. d4 d6 4. c4 Nb6 5. f4 dxe5 6. fxe5 Nc6 7. Be3 Bf5 8. Nc3 e6 9. Nf3 Qd7 10. Bd3 Bg4 11. c5 Nd5 12. Nxd5 Qxd5 13. O-O O-O-O 14. Qa4 Bxf3 15. gxf3 Nxe5 16. Be4 Qc4 17. Qxa7 Nc6 18. Qa8+ Kd7 19. Qxb7 Na5 20. c6+ Ke8 21. Qxc7 Bb4 22. Rac1 Qb5 23. Qg3 Bd6 24. Qxg7 Rf8 25. Kh1 Qh5 26. f4 Ke7 27. b4 Rg8 28. Qxg8 Rxg8 29. bxa5 Qg4 30. c7 Qe2 31. Bf3 Qxe3 32. c8=Q Rxc8 33. Rxc8 Qxf4 34. Rf2 Qe3 35. Rcc2 Qe1+ 36. Kg2 Qe3 37. Rfe2 Qf4 38. Rb2 Qxh2+ 39. Kf1 Qf4 40. Rf2 Qc1+ 41. Kg2 Qc3 42. a6 Qxd4 43. a7 Qe5 44. a8=Q Qg3+ 45. Kf1 Bc5 46. Qb7+ Kf6 47. Bg2+ Bxf2 48. Rxf2+ Kg5 49. Qxf7 Qd3+ 50. Kg1 Qd1+ 51. Bf1 Qg4+ 52. Rg2 Kh6 53. Qf6+ Kh5 54. Rxg4 h6 55. Qg6# 1-0


[Site "https://www.chess.com"]